 Dungeon Crawl Stone Soup version 0.30.1-10-g1249ef9ec4 (webtiles) character file.

Game seed: 8643013218158236804

92 Cheops the Chiller (level 4, -4/39 HPs)
             Began as an Ogre Ice Elementalist on Oct 26, 2023.
             Slain by a gnoll
             ... wielding a +0 flail
              (13 damage)
             ... on level 2 of the Dungeon.
             The game lasted 00:04:17 (2076 turns).

Cheops the Chiller (Ogre Ice Elementalist)          Turns: 2076, Time: 00:04:17

Health: -4/39      AC:  3    Str: 12    XL:     4   Next: 60%
Magic:  3/8        EV:  9    Int: 18    God:
Gold:   174        SH:  0    Dex:  9    Spells: 2/9 levels left

rFire   + . .        i - +0 club
rCold   . . .        (no shield)
rNeg    . . .        a - +0 robe
rPois   .            (helmet restricted)
rElec   .            (no cloak)
rCorr   .            (gloves unavailable)
SInv    .            (boots unavailable)
Will    .....        (no amulet)
Stlth   +            d - ring of protection from fire
HPRegen 0.26/turn    (no ring)
MPRegen 0.11/turn

%: no passive effects
@: freezing walls
A: large, unfitting armour, tough skin 1
a: no special abilities


You were on level 2 of the Dungeon.
You visited 1 branch of the dungeon, and saw 2 of its levels.

You collected 174 gold pieces.

Inventory:

Hand Weapons
 f - a +0 dagger
 i - a +0 club (weapon)
Armour
 a - a +0 robe (worn)
Jewellery
 d - a ring of protection from fire (left hand)
 l - an amulet of faith
Scrolls
 e - 2 scrolls of identify {unknown}
 h - a scroll of poison {unknown}
 k - 3 scrolls of fear {unknown}
 m - a scroll of fog {unknown}
 o - a scroll of blinking {unknown}
 p - 3 scrolls of enchant armour {unknown}
Potions
 b - a potion of magic
 c - a potion of brilliance {unknown}
 g - a potion of heal wounds {unknown}
 j - a potion of might {unknown}
 n - a potion of haste {unknown}


   Skills:
 - Level 1.7 Dodging
 - Level 1.4 Stealth
 - Level 3.0 Spellcasting
 + Level 5.1 Ice Magic


You had 2 spell levels left.
You knew the following spells:

 Your Spells              Type           Power      Damage    Failure   Level
a - Freeze                Ice            84%        1d9       1%          1
r - Frozen Ramparts       Ice            42%        1d7       6%          3
A - Ozocubu's Armour      Ice            21%        N/A       6%          3

Your spell library contained the following spells:

 Spells                   Type           Power      Damage    Failure   Level
 Summon Ice Beast         Ice/Summ       12%        N/A       50%         4


Dungeon Overview and Level Annotations

Branches:
Dungeon (2/15)

Altars:


Innate Abilities, Weirdness & Mutations

You are too large for most types of armour.
You have tough skin. (AC +1)


Message History

You swing at nothing.
You feel sick.
You swing at nothing.
You feel sick.
The wall freezes the gnoll.
You swing at nothing.
You feel sick.
You are no longer poisoned.
The wall freezes the gnoll but does no damage.
The gnoll hits you from afar with a +0 spear.
* * * LOW HITPOINT WARNING * * *
The wall freezes the gnoll.
You swing at nothing.
The wall freezes the gnoll.
The gnoll hits you from afar with a +0 spear.
* * * LOW HITPOINT WARNING * * *
The wall freezes the gnoll.
You swing at nothing.
The frozen ramparts melt away.
The gnoll hits you from afar with a +0 spear.
* * * LOW HITPOINT WARNING * * *
The gnoll closely misses you.
You swing at nothing.
The gnoll hits you from afar with a +0 spear.
* * * LOW HITPOINT WARNING * * *
Casting: Frozen Ramparts (dangerous; 6% risk of failure)
Confirm with . or Enter, or press ? or * to list all spells.
Casting: Frozen Ramparts (dangerous; 6% risk of failure)
Press: ? - help, Dir - look around, f - activate The walls around you are covered in ice.
The wall freezes the gnoll.
The gnoll barely misses you.
The wall freezes the gnoll but does no damage.
The wall freezes the gnoll.
You kill the gnoll!
The wall freezes the gnoll.
Your Ice Magic skill increases to level 5!
The wall freezes the gnoll. x2
The wall freezes the gnoll.
You kill the gnoll!
The wall freezes the gnoll.
Your frozen ramparts will break if you move.
Continue?
Okay, then.
The wall freezes the gnoll.
The wall freezes the gnoll but does no damage.
The gnoll hits you with a +0 flail!
You die...

#........................#
#.............#.##########
#......#####..#.#
#......#......#.#
####......<...#.#
#.....####.#.#
#..........#.#
#.....####...# #
#.....@g))...# #
##....####...# #######
#....# #...# ..?....
#....# #...# .....g..
#....# #...# .g......
#.... #gg.#.........
#....####...#.........
##....................
....................


You could see a gnoll.

Vanquished Creatures
  2 gnolls (D:2)
  3 adders (D:2)
  A dart slug (D:2)
  3 endoplasms
  2 giant cockroaches (D:2)
  7 goblins
  5 hobgoblins
  A kobold (D:1)
  A quokka (D:2)
  2 ball pythons
  7 bats
  2 frilled lizards (D:1)
  6 rats
42 creatures vanquished.

Notes
Turn   | Place    | Note
-------+----------+-------------------------------------------
     0 | D:1      | Cheops the Ogre Ice Elementalist began the quest for the
                  | Orb.
     0 | D:1      | Reached XP level 1. HP: 16/16 MP: 3/3
   189 | D:1      | Reached XP level 2. HP: 23/24 MP: 2/5
   576 | D:1      | Found a faded altar of an unknown god.
   686 | D:1      | Reached skill level 4 in Ice Magic
  1209 | D:2      | Reached XP level 3. HP: 31/31 MP: 2/7
  1213 | D:2      | Learned a level 3 spell: Frozen Ramparts
  1217 | D:2      | Learned a level 3 spell: Ozocubu's Armour
  1876 | D:2      | Reached XP level 4. HP: 38/39 MP: 6/8
  2073 | D:2      | Reached skill level 5 in Ice Magic
  2076 | D:2      | Slain by a gnoll

Illustrated notes

Levels and vault maps discovered:
D:1:      nicolae_arrival_washed_ashore, layout_loops_cross,
          basic_ecumenical_altar, hangedman_glass_teeth,
          chequers_serial_rivers_small_3
D:2:      layout_basic

Skill      XL: |  1  2  3  4 |
---------------+-------------+-----
Spellcasting   | 3 |  3.0
Ice Magic      | 4 5 |  5.1
Dodging        | |  1.7
Stealth        | |  1.4

Action                     |  1- 3 |  4- 6 || total
---------------------------+-------+-------++-------
  Melee: Unarmed           |    11 |       ||    11
         Club              |    13 |     2 ||    15
         Dagger            |     6 |       ||     6
   Cast: Freeze            |    52 |     3 ||    55
         Frozen Ramparts   |       |     2 ||     2
 Armour: Robe              |    31 |     3 ||    34
  Dodge: Dodged            |    38 |     9 ||    47
